AoeStats
← a.l.a.n.t

Black Forest

505092765Analyzed
4v4 RM · 24d ago on Sep 7, 2026· 41m 4s· 8 players
Game mode
Random Map
Map size
Large (8 player)
Population
200
Speed
Normal
Resources
Standard
Victory
Conquest
Starting age
Dark Age
Ending age
Imperial Age
RankedLock teamsTeams togetherTeam positionsShared explorationLock speedFull tech treeHidden civsTurbo modeCheats
Victory
Defeat
🇬🇧 Khmer · United Kingdom
1271
+14
🇸🇮 Poles · Slovenia
1266
+14
🇹🇭 Berbers · Thailand
1210
+17
🇩🇪 Malians · Germany
1164
+19
🇨🇦 Byzantines · Canada
1268
-18
🇧🇷 Spanish · Brazil
1253
-17
🇺🇸 Romans · United States
1229
-16
🇺🇸 Magyars · United States
1143
-13
Stinkin Hippy
7:37 Loom
12:16 Feudal Age
13:47 Double-Bit Axe
13:45 Horse Collar
16:08 Castle Age
17:30 Bow Saw
17:22 Heavy Plow
22:34 Wheelbarrow
23:25 Gold Mining
23:32 Stone Mining
24:50 Gold Shaft Mining
26:40 Hand Cart
29:30 Imperial Age
29:07 Scale Barding Armor
29:13 Forging
29:15 Bloodlines
29:06 Husbandry
30:08 Chain Barding Armor
29:38 Heavy Camel Rider
31:26 Iron Casting
31:54 Stone Shaft Mining
32:24 Plate Barding Armor
34:12 Chemistry
33:32 Ballistics
32:54 Treadmill Crane
33:25 Masonry
34:56 Blast Furnace
35:57 Conscription
38:08 Fletching
37:45 Elite Camel Archer
39:47 Bodkin Arrow
m00n
11:06 Feudal Age
15:26 Castle Age
13:13 Double-Bit Axe
13:50 Forging
13:24 Horse Collar
15:13 Wheelbarrow
16:26 Heavy Plow
24:00 Bow Saw
27:50 Imperial Age
25:38 Hand Cart
26:23 Loom
27:49 Ballistics
27:22 Fletching
27:39 Scale Barding Armor
27:34 Scale Mail Armor
27:45 Forging
27:51 Thumb Ring
27:57 Gold Mining
27:38 Elite Skirmisher
27:55 Light Cavalry
29:53 Crop Rotation
30:22 Husbandry
30:32 Bloodlines
30:49 Winged Hussar
31:32 Stone Mining
33:15 Chemistry
32:22 Siege Engineers
32:43 Chain Barding Armor
32:59 Iron Casting
37:23 Blast Furnace
36:51 Bodkin Arrow
36:57 Padded Archer Armor
37:13 Chain Mail Armor
37:10 Masonry
36:56 Murder Holes
36:41 Treadmill Crane
38:18 Lechitic Legacy
38:19 Conscription
39:46 Stone Shaft Mining
41:12 Bracer
tomeq
0:43 Loom
12:54 Feudal Age
13:04 Man-at-Arms
14:01 Double-Bit Axe
15:01 Forging
15:20 Scale Mail Armor
16:47 Arson
20:22 Wheelbarrow
21:36 Horse Collar
25:36 Castle Age
30:45 Imperial Age
28:43 Fletching
31:00 Bow Saw
33:19 Padded Archer Armor
36:40 Conscription
38:09 Chemistry
38:37 Ballistics
a.l.a.n.t
0:50 Loom
12:31 Feudal Age
15:07 Double-Bit Axe
15:06 Horse Collar
22:03 Castle Age
21:31 Town Watch
23:31 Bow Saw
26:23 Wheelbarrow
27:42 Stone Mining
27:57 Heavy Plow
29:10 Fortified Wall
31:49 Imperial Age
29:33 Gold Mining
30:11 Ballistics
33:39 Chemistry
33:02 Conscription
33:28 Capped Ram
34:08 Heavy Scorpion
36:49 Coinage
37:21 Siege Engineers
37:56 Double Crossbow
39:02 Siege Ram
eward17
7:16 Loom
12:28 Feudal Age
13:44 Double-Bit Axe
16:40 Castle Age
15:58 Horse Collar
17:48 Bow Saw
17:43 Fishing Lines
19:33 Gillnets
21:26 Wheelbarrow
23:55 Gold Mining
23:55 Stone Mining
25:18 Gold Shaft Mining
26:13 Hand Cart
27:09 Stone Shaft Mining
26:35 Heavy Plow
28:59 Scale Mail Armor
29:09 Forging
29:06 Scale Barding Armor
29:01 Padded Archer Armor
31:40 Imperial Age
29:36 Ballistics
32:08 Husbandry
32:51 Chain Barding Armor
33:06 Iron Casting
32:47 Leather Archer Armor
32:26 Fletching
32:52 Chain Mail Armor
33:40 Chemistry
32:36 Murder Holes
32:54 Fortified Wall
32:25 Treadmill Crane
32:49 Heavy Camel Rider
34:42 Plate Barding Armor
34:38 Pikeman
35:19 Squires
35:04 Arson
36:36 Halberdier
40:07 Plate Mail Armor
39:33 Bodkin Arrow
40:10 Ring Archer Armor
Thebadbpy677
1:15 Loom
16:33 Feudal Age
17:15 Double-Bit Axe
24:51 Castle Age
24:08 Fishing Lines
28:00 Bow Saw
30:12 Caravan
32:01 Wheelbarrow
32:18 Scale Barding Armor
33:34 Thumb Ring
34:12 Chain Barding Armor
33:56 Corvinian Army
35:41 Bloodlines
K
0:30 Loom
11:44 Feudal Age
12:39 Double-Bit Axe
14:43 Fletching
19:21 Castle Age
17:39 Padded Archer Armor
22:53 Leather Archer Armor
24:00 Wheelbarrow
33:09 Pikeman
38:30 Imperial Age
jdhtrain
13:27 Feudal Age
14:46 Wheelbarrow
14:05 Double-Bit Axe
18:42 Castle Age
17:33 Horse Collar
17:46 Gold Mining
20:22 Bow Saw
26:29 Heavy Plow
26:52 Hand Cart
26:25 Loom
27:20 Fishing Lines
30:16 Town Watch
33:05 Imperial Age
30:13 Pikeman
31:33 Ballistics
31:27 Masonry
31:24 Scale Mail Armor
31:35 Squires
33:25 Chain Mail Armor
33:21 Forging
33:13 Heavy Scorpion
33:17 Halberdier
37:45 Chemistry
39:40 Conscription
Connection lost

Rejoining the realm…

Still unreachable

The connection could not be restored.

Session expired

The server has moved on; the page needs a fresh start.